 Dungeon Crawl Stone Soup version 0.24-a0-584-g9d6b971ae4 (webtiles) character file.

Game seed: 15608132482539569270, levelgen mode: deterministic

459 Mithandil the Shield-Bearer (level 6, -8/53 HPs)
             Began as a Minotaur Fighter on Sept 2, 2019.
             Mangled by Menkaure (12 damage)
             ... on level 4 of the Dungeon.
             The game lasted 00:15:11 (2562 turns).

Mithandil the Shield-Bearer (Minotaur Fighter)      Turns: 2562, Time: 00:15:12

Health: -8/53      AC: 10    Str: 23      XL:     6   Next: 78%
Magic:  5/5        EV:  9    Int:  4 (5)  God:
Gold:   162        SH: 10    Dex:  9      Spells: 5/5 levels left

rFire    . . .     SeeInvis .   a - +0 long sword
rCold    . . .     Gourm    .   c - +0 shield
rNeg     . . .     Faith    .   l - +0 scale mail
rPois    .         Spirit   .   (helmet restricted)
rElec    .         Reflect  .   m - scarf {cloud immunity}
rCorr    .         Harm     .   n - +1 pair of gloves
MR       +....                  (no boots)
Stlth    ..........             (no amulet)
HPRegen  0.17/turn              s - ring of protection from magic
MPRegen  0.09/turn              o - +1 ring of protection

@: no status effects
A: retaliatory headbutt, horns 2
a: no special abilities


You were on level 4 of the Dungeon.
You were hungry.

You visited 1 branch of the dungeon, and saw 4 of its levels.

You collected 162 gold pieces.

Inventory:

Hand Weapons
 a - a +0 long sword (weapon)
 b - a +0 hunting sling
 p - a +0 trident of piercing
Missiles
 e - 81 sling bullets
 r - 6 poisoned darts (quivered)
 t - 20 bolts
Armour
 c - a +0 shield (worn)
 l - a +0 scale mail (worn)
 m - a scarf of cloud immunity (worn)
 n - a +1 pair of gloves (worn)
Jewellery
 k - an uncursed ring of wizardry
 o - a +1 ring of protection (right hand)
 s - a ring of protection from magic (left hand)
Scrolls
 h - 4 scrolls of identify
 i - 3 scrolls of remove curse
 j - 4 scrolls of teleportation
Potions
 d - 2 potions of might
 q - 2 potions of curing
Comestibles
 f - 10 rations
 g - 5 chunks of flesh


   Skills:
 + Level 4.7 Fighting
 * Level 4.8 Long Blades
 + Level 2.1 Slings
 + Level 4.6 Armour
 + Level 2.4 Dodging
 * Level 5.7 Shields


You had 5 spell levels left.
You didn't know any spells.
Your spell library was empty.

Dungeon Overview and Level Annotations

Branches:
Dungeon (4/15)
 Temple: D:4-7

Altars:
Dithmenos
Sif Muna
Trog
Uskayaw
Vehumet

Annotations:
D:4 Dowan, Duvessa, Menkaure


Innate Abilities, Weirdness & Mutations

You reflexively headbutt those who attack you in melee.
You have a pair of horns on your head.


Message History

Pain shoots through your body!
You slash the gnoll!
You kill the gnoll!
Menkaure barely misses you.
The frilled lizard bites you but does no damage.
You block the frilled lizard's attack. You block Menkaure's attack.
Unknown command.
You barely miss the frilled lizard.
Menkaure calls on the powers of darkness!
Your body is wracked with pain!
* * * LOW HITPOINT WARNING * * *
The frilled lizard bites you but does no damage.
You block the frilled lizard's attack.
An ogre comes into view. It is wielding a +0 giant club.
The frilled lizard bites you but does no damage.
You barely miss the ogre. You block Menkaure's attack.
The ogre hits you with a +0 giant club!
* * * LOW HITPOINT WARNING * * *
Menkaure hits you!
You die...

#..#. #...... #....
#..#.# ... ###>... #....
...###.....# #.#.# ##
...........####...# #.#
.............###.?###..#
........#........))....#
......###..#..#.Ml.%...#
......##..##..#.@##....#
......##..##.##.O#..###.#
....#....##..##.....# .#
..))##...##........## #
.....##..#...#...#.#
.......#...####.##.##
.##.................#
.....................
..........#........#


You could see an ogre, Menkaure and a frilled lizard.

Vanquished Creatures
  Sigmund (D:3)
  A howler monkey (D:4)
  An orc priest (D:4)
  Terence (D:2)
  An orc wizard (D:3)
  A worker ant (D:4)
  6 gnolls (D:4)
  3 adders (D:2)
  An adder skeleton (D:4)
  2 worms
  A dart slug (D:3)
  A leopard gecko (D:1)
  3 orcs
  A giant cockroach (D:1)
  7 hobgoblins
  8 jackals
  5 kobolds
  3 quokkas
  4 bats (D:1)
  6 frilled lizards
  6 goblins
  12 rats
75 creatures vanquished.

Notes
Turn   | Place    | Note
-------+----------+-------------------------------------------
     0 | D:1      | Mithandil the Minotaur Fighter began the quest for the Orb.
     0 | D:1      | Reached XP level 1. HP: 19/19 MP: 0/0
    94 | D:2      | Reached XP level 2. HP: 24/27 MP: 1/1
    98 | D:2      | Reached skill level 4 in Shields
   373 | D:1      | Reached XP level 3. HP: 33/33 MP: 2/2
   881 | D:2      | Reached skill level 1 in Dodging
  1011 | D:2      | Reached XP level 4. HP: 40/40 MP: 3/3
  1034 | D:2      | Noticed Terence
  1042 | D:2      | Killed Terence
  1467 | D:3      | Found a hide-covered altar of Uskayaw.
  1495 | D:3      | Found a shadowy altar of Dithmenos.
  1497 | D:3      | Found a shimmering blue altar of Sif Muna.
  1497 | D:3      | Found a radiant altar of Vehumet.
  1498 | D:3      | Found a bloodstained altar of Trog.
  1636 | D:3      | Noticed Sigmund
  1659 | D:3      | Killed Sigmund
  1659 | D:3      | Reached skill level 1 in Slings
  1659 | D:3      | Reached skill level 5 in Shields
  1659 | D:3      | Reached XP level 5. HP: 19/47 MP: 4/4
  1659 | D:3      | Reached XP level 6. HP: 21/53 MP: 5/5
  2201 | D:4      | Noticed Duvessa
  2201 | D:4      | Noticed Dowan
  2551 | D:4      | Noticed Menkaure
  2562 | D:4      | Mangled by Menkaure

Levels and vault maps discovered:
D:1:      wander_arrival_fairy_ring, layout_loops_ring, dk_noncrumbling_3
D:2:      layout_basic, first_ration, uniq_terence
D:3:      layout_loops_cross, eat_drink_and_be_merry_uskayaw,
          grunt_temple_overflow_open, minmay_statues_item,
          wander_ebering_terrifying_dragon_lair, uniq_sigmund
D:4:      cheibrodos_helix_gallery, layout_layer_cave,
          gammafunk_ghost_nasty_kobolds, serial_glass, glass_columns_c,
          glass_columns_a, uniq_duvessa, uniq_eustachio, uniq_menkaure

Skill      XL: |  1  2  3  4  5  6 |
---------------+-------------------+-----
Shields        | 4 5 |  5.7
Long Blades    | 3 4 |  4.8
Dodging        | 1 2 |  2.4
Armour         | 4 |  4.6
Fighting       | 4 |  4.7
Slings         | 1 2 |  2.1

Action                   |  1- 3 |  4- 6 || total
-------------------------+-------+-------++-------
Melee: Long sword        |    94 |   112 ||   206
       Headbutt          |    12 |    16 ||    28
  Use: Scroll            |     6 |     2 ||     8
       Potion            |     3 |     2 ||     5
  Eat: Chunk             |     1 |     4 ||     5
Armor: Scale mail        |    48 |    62 ||   110
Dodge: Dodged            |    31 |    39 ||    70
Block: Shield            |    52 |    58 ||   110
       Rpst.: Long sword |     7 |     4 ||    11

Table legend:
 A = Non-vault XP
 B = Vault XP
 C = Vault XP percentage of total XP
 D = Non-vault monster count
 E = Vault monster count
 F = Vault count percentage of total count
                 A         B        C        D         E       F
            +---------+---------+-------+---------+---------+-------
      Total |     396 |     260 |  39.6 |      72 |       3 |   4.0
            +---------+---------+-------+---------+---------+-------
        D:1 |      35 |       0 |   0.0 |      23 |       0 |   0.0
        D:2 |      71 |      36 |  33.6 |      20 |       1 |   4.8
        D:3 |      67 |     224 |  77.0 |      17 |       2 |  10.5
        D:4 |     223 |       0 |   0.0 |      12 |       0 |   0.0
            +---------+---------+-------+---------+---------+-------
